 Dungeon Crawl Stone Soup version 0.29-a0-972-g43c84944fd (webtiles) character file.

Game seed: 5096955287488696041

924 ILmort the Ruffian (level 7, -5/67 HPs)
             Began as a Troll Berserker on July 31, 2022.
             Was a Priest of Trog.
             Slain by a yak (10 damage)
             ... on level 4 of the Dungeon.
             The game lasted 00:37:13 (3582 turns).

ILmort the Ruffian (Troll Berserker)                Turns: 3582, Time: 00:37:13

Health: -5/67      AC:  6    Str: 26    XL:     7   Next: 84%
Magic:  0/6        EV: 15    Int:  3    God:    Trog [***...]
Gold:   172        SH:  0    Dex: 11    Spells: 6/6 levels left

rFire   + . .      SeeInvis .     - Unarmed
rCold   + . .      Faith    .   (no shield)
rNeg    . . .      Spirit   +   D - +2 robe {rC+ rF+}
rPois   .          Reflect  .   (helmet restricted)
rElec   .          Harm     .   h - scarf {shadows}
rCorr   .          Rampage  .   (gloves unavailable)
Will    .....                   (boots unavailable)
Stlth   +.........              T - amulet of guardian spirit
HPRegen 1.01/turn               y - +4 ring of evasion
MPRegen 0.10/turn               (no ring)

@: no status effects
A: large, unfitting armour, claws 3, regeneration 1, shaggy fur 1, tough skin 1
a: Renounce Religion, Berserk, Trog's Hand


You were on level 4 of the Dungeon.
You worshipped Trog.
Trog was most pleased with you.
You visited 2 branches of the dungeon, and saw 6 of its levels.

You collected 172 gold pieces.

Inventory:

Hand Weapons
 I - a +0 spear of freezing
 V - a +0 shortbow
Missiles
 d - 38 stones
 v - 3 poisoned darts
 K - 6 javelins
Armour
 a - a +0 animal skin
 h - a scarf of shadows (worn)
 t - a +0 ring mail
 x - a +0 leather armour
 A - a +0 leather armour
 D - a +2 robe of resistance (worn)
 F - a +0 leather armour
 M - a +0 leather armour
 Q - a +0 scale mail
 X - a +0 ring mail
 Y - a +0 ring mail
Jewellery
 y - a +4 ring of evasion (left claw)
 B - an amulet of faith
 T - an amulet of guardian spirit (around neck)
Wands
 O - a wand of flame (20)
Scrolls
 b - 4 scrolls of identify (quivered) {unknown}
 m - a scroll of blinking {unknown}
 s - 2 scrolls of teleportation {unknown}
 P - a scroll of fog {unknown}
 R - a scroll of immolation {unknown}
 S - a scroll of summoning {unknown}
 Z - a scroll of amnesia {unknown}
Potions
 e - 2 potions of mutation {unknown}
 f - 4 potions of flight {unknown}
 g - a potion of degeneration {unknown}
 l - 2 potions of brilliance {unknown}
 p - 3 potions of curing {unknown}
 z - 3 potions of heal wounds {unknown}
 L - 2 potions of haste
 N - a potion of berserk rage {unknown}
 U - a potion of ambrosia {unknown}
 W - 2 potions of resistance {unknown}


   Skills:
 + Level 3.5 Fighting
 + Level 0.2 Throwing
 + Level 4.3 Dodging
 + Level 1.0 Stealth
 + Level 7.4 Unarmed Combat


You had 6 spell levels left.
You didn't know any spells.
Your spell library was empty.

Dungeon Overview and Level Annotations

Branches:
Dungeon (5/15)             Temple (1/1) D:4

Altars:
Cheibriados
Dithmenos
Kikubaaqudgha
Nemelex Xobeh
Qazlal
Ru
Trog
Vehumet
Xom
Zin
The Shining One

Shops:
D:3 :   D:4 =


Innate Abilities, Weirdness & Mutations

You are too large for most types of armour.
You have claws for hands.
Your natural rate of healing is unusually fast.
You are covered in fur. (AC +1)
You have tough skin. (AC +1)


Message History

You scratch the yak.
You kill the yak!
Trog accepts your kill. The yak closely misses you.
A yak comes into view.
Your Stealth skill increases to level 1!
You claw the yak!
The yak is moderately wounded.
The yak gores you but does no damage. The yak gores you.
* * * LOW HITPOINT WARNING * * *
You closely miss the yak.
The yak is moderately wounded.
The yak gores you!
* * * LOW HITPOINT WARNING * * *
The yak closely misses you.
You scratch the yak.
The yak is moderately wounded.
You mangle the yak!!
The yak is almost dead.
The yak gores you!
* * * LOW HITPOINT WARNING * * *
You completely miss the yak. You claw the yak!
The yak is lightly wounded.
The yak barely misses you. The yak completely misses you.
The yak attacks as you move away! The yak gores you but does no damage.
The yak attacks as you move away! The yak closely misses you.
The yak attacks as you move away! The yak gores you!
* * * LOW HITPOINT WARNING * * *
The yak attacks as you move away! The yak gores you.
* * * LOW HITPOINT WARNING * * *
The yak attacks as you move away! The yak barely misses you.
There is a stone staircase leading up here.
The yak gores you.
* * * LOW HITPOINT WARNING * * *
You climb upwards.
There is a stone staircase leading down here.
The yak attacks as you move away! The yak closely misses you.
The yak attacks as you move away! The yak gores you!
You die...

###..##.#.## ##.#....##..##.####.
...........# #^.....##.[.#......
##.#.......# ##......##..........
##.#.......# #.......#####.######
#..#.......###.......# #[## #
..##.......##....##### ##.†####
#######.......#..# #......#
)...........###..## #......#
######....#...#.@.#######......##
#....##....Y...............#
######.......##...>..............
..>........####.....#####......#.
######....## #.....# #......##
#....# #.....# ######### #....#
#.....# # #....# #.....# # #....#
#######


You could see a yak.

Vanquished Creatures
  Sigmund (D:2)
  A yak (D:5)
  A black bear (D:4)
  An ogre (D:5)
  A centaur (D:3)
  A scorpion (D:4)
  3 hounds
  2 orc wizards (D:4)
  3 adders
  4 gnolls (D:4)
  2 ufetubi (D:4)
  A worm (D:3)
  3 dart slugs
  4 orcs (D:4)
  5 bats (D:1)
  8 endoplasms
  4 giant cockroaches
  9 goblins
  5 hobgoblins
  5 jackals (D:1)
  9 kobolds
  A quokka (D:1)
  7 ball pythons
  3 frilled lizards
  6 rats
90 creatures vanquished.

Notes
Turn   | Place    | Note
-------+----------+-------------------------------------------
     0 | D:1      | ILmort the Troll Berserker began the quest for the Orb.
     0 | D:1      | Reached XP level 1. HP: 22/22 MP: 0/0
    50 | D:1      | Reached XP level 2. HP: 29/29 MP: 1/1
   398 | D:1      | Reached XP level 3. HP: 25/36 MP: 2/2
   606 | D:1      | Reached ** piety under Trog
   673 | D:1      | Found a faded altar of an unknown god.
  1025 | D:2      | Noticed Sigmund
  1074 | D:2      | Killed Sigmund
  1075 | D:2      | Reached skill level 5 in Unarmed Combat
  1075 | D:2      | Reached XP level 4. HP: 17/45 MP: 3/3
  1075 | D:2      | Reached XP level 5. HP: 20/53 MP: 4/4
  1433 | D:3      | Found Boed's Book Shoppe.
  2017 | D:3      | Noticed a centaur
  2044 | D:3      | Killed a centaur
  2045 | D:3      | Reached XP level 6. HP: 14/61 MP: 5/5
  2862 | D:4      | Found a staircase to the Ecumenical Temple.
  2871 | D:4      | Found Ukamnaocs's Jewellery Shop.
  2895 | D:4      | Reached skill level 6 in Unarmed Combat
  2906 | D:4      | Reached *** piety under Trog
  2972 | D:4      | Reached XP level 7. HP: 57/67 MP: 6/6
  3397 | Temple   | Entered the Ecumenical Temple
  3501 | D:5      | Entered Level 5 of the Dungeon
  3541 | D:5      | Found a shimmering altar of Xom.
  3542 | D:5      | Noticed a yak
  3542 | D:5      | Noticed a yak
  3543 | D:5      | Noticed a yak
  3545 | D:5      | Noticed a yak
  3553 | D:5      | Reached skill level 7 in Unarmed Combat
  3560 | D:5      | Noticed a yak
  3561 | D:5      | Killed a yak
  3561 | D:5      | Noticed a yak
  3562 | D:5      | Reached skill level 1 in Stealth
  3565 | D:5      | HP: 3/67 [yak (8)]
  3574 | D:5      | HP: 1/67 [yak (10)]
  3582 | D:4      | Slain by a yak

Illustrated notes

Levels and vault maps discovered:
D:1:      heliophobic_arrival_ceremonial_halls, layout_basic,
          dreamdust_ecumenical_altar_angels_and_demons,
          chequers_serial_rivers_small_3
D:2:      minmay_angry_zag, layout_rooms, uniq_sigmund
D:3:      layout_loops_corners, serial_shops, nicolae_shop_trees,
          minmay_misc_feat_secret_circle
D:4:      layout_rooms, minmay_temple_entry_sparse_star, serial_shops, shop
D:5:      layout_rooms, nicolae_overflows_in_rows, nrook_pool_corridor,
          kennysheep_nub, uniq_grinder
Temple:   eino_wide_crystal_templ

Skill      XL: |  1  2  3  4  5  6  7 |
---------------+----------------------+-----
Dodging        | 3 4 |  4.3
Fighting       | 3 |  3.5
Unarmed Combat | 5 6 7 |  7.4
Stealth        | 1 |  1.0
Throwing       | |  0.2

Action                   |  1- 3 |  4- 6 |  7- 9 || total
-------------------------+-------+-------+-------++-------
Melee: Unarmed           |   119 |    76 |    49 ||   244
       Punch             |     2 |     9 |     1 ||    12
Throw: Stone             |       |     3 |       ||     3
Invok: Berserk           |       |     1 |       ||     1
       Trog's Hand       |       |     1 |       ||     1
Evoke: Wand              |       |     1 |       ||     1
Armor: Animal skin       |    40 |    21 |     2 ||    63
       Robe              |       |       |    12 ||    12
Dodge: Dodged            |    73 |    69 |    40 ||   182

Table legend: (Time is in decaauts)
 A = Elapsed time spent in this place.
 B = Non-inter-level travel time spent in this place.
 C = Inter-level travel time spent in this place.
 D = Time resting spent in this place.
 E = Time spent auto-exploring this place.
 F = Levels seen in this place.
 G = Mean time per level.
                   A        B        C        D        E       F      G
               +--------+--------+--------+--------+--------+-----+--------+
         Total |   3576 |   2170 |   1406 |    130 |   1315 |   6 |  596.0 |
       Dungeon |   3490 |   2163 |   1327 |    130 |   1315 |   5 |  698.0 |
        Temple |     85 |      6 |     79 |      0 |      0 |   1 |   85.0 |
               +--------+--------+--------+--------+--------+-----+--------+

Top non-repeatable levels by time:
     D:3: 1179 daAuts
     D:1: 978 daAuts
     D:2: 633 daAuts
     D:4: 623 daAuts
  Temple: 85 daAuts
     D:5: 75 daAuts
